[Event "NSV Open-ch Rapid 2019"]
[Site "Lueneburg"]
[Date "2019.08.04"]
[Round "7.8"]
[White "Ramme, Christoph"]
[Black "Schulz, Daniel"]
[Result "1-0"]
[ECO "B07"]
[WhiteElo "2154"]
[BlackElo "2071"]
[Annotator "ChessBase"]
[PlyCount "115"]
[EventDate "2019.08.03"]
[EventType "swiss"]
[EventCountry "GER"]
[SourceTitle "playchess.com"]
[Source "ChessBase"]
[SourceQuality "1"]
[TimeControl "600+5"]

1. e4 d6 2. d4 Nf6 3. Nc3 Nbd7 4. f4 e5 5. Nf3 exd4 6. Qxd4 c6 7. Bc4 d5 8. exd5 Bc5 9. Qd3 O-O 10. Bd2 Re8+ 11. Kf1 Nb6 12. dxc6 bxc6 13. Re1 Rxe1+ 14. Bxe1 Qc7 15. Ne5 Nxc4 16. Qxc4 Bb6 17. Bf2 Bxf2 18. Kxf2 Qb6+ 19. Kf3 Qc7 20. Rd1 Bb7 21. Qc5 h6 22. Nd5 Nxd5 23. Rxd5 Qb6 24. Qxb6 axb6 25. Rd7 Ba6 26. Rxf7 c5 27. a3 Rd8 28. Rd7 Rxd7 29. Nxd7 Bb7+ 30. Kf2 Be4 31. c3 Kf7 32. Nxb6 Ke6 33. b4 Kd6 34. Nc4+ Kc6 35. a4 Bd5 36. Ne3 Bb3 37. a5 cxb4 38. cxb4 Kb5 39. Nf5 Kxb4 40. a6 Kb5 41. a7 Bd5 42. Nxg7 Kb6 43. Nf5 h5 44. Ng7 h4 45. h3 Kxa7 46. Nf5 Kb6 47. Nxh4 Kc5 48. g4 Kd6 49. Ke3 Ke6 50. Nf3 Kf6 51. h4 Bc4 52. h5 Bd5 53. Nd4 Bb7 54. g5+ Kg7 55. Ne2 Kf7 56. Kd4 Bf3 57. Ng3 Ke6 58. f5+ 1-0

[Event "NSV Open-ch Rapid 2019"]
[Site "Lueneburg"]
[Date "2019.08.04"]
[Round "7.9"]
[White "Chennaoui, Yasin"]
[Black "Rothenberg, Jannik"]
[Result "1-0"]
[ECO "A36"]
[WhiteElo "2092"]
[BlackElo "1859"]
[Annotator "NA RC"]
[PlyCount "89"]
[EventDate "2019.08.03"]
[EventType "swiss"]
[EventCountry "GER"]
[SourceTitle "playchess.com"]
[Source "ChessBase"]
[SourceQuality "1"]
[TimeControl "600+5"]

1. c4 g6 2. g3 Bg7 3. Bg2 d6 4. Nc3 c5 5. e4 Nc6 6. Nge2 Qd7 7. O-O b6 8. a3 Bb7 9. Rb1 Nd4 10. d3 e6 11. b4 Ne7 12. f4 O-O 13. Be3 Rad8 14. Kh1 f5 15. Bg1 fxe4 16. dxe4 e5 17. bxc5 dxc5 18. Nd5 Ba6 19. Nxd4 exd4 20. Nxe7+ Qxe7 21. Qa4 Bc8 22. e5 Bb7 23. Qc2 g5 24. Bxb7 Qxb7+ 25. Qg2 Qxg2+ 26. Kxg2 gxf4 27. gxf4 Bh6 28. f5 Kf7 29. Bf2 Rg8+ 30. Bg3 Be3 31. Kf3 Rdf8 32. Ke4 Ke7 33. e6 Rg4+ 34. Ke5 Bg5 35. Rf3 h5 36. h3 Bf6+ 37. Kd5 Rd8+ 38. Kc6 Rg7 39. Bc7 Rc8 40. Kb7 Rgg8 41. a4 h4 42. a5 bxa5 43. Rb5 Rce8 44. Rxc5 Rg3 45. Bxg3 1-0

[Event "NSV Open-ch Rapid 2019"]
[Site "Lueneburg"]
[Date "2019.08.04"]
[Round "7.10"]
[White "Colbow, Collin"]
[Black "Daemmig, Matthias"]
[Result "1-0"]
[ECO "C07"]
[WhiteElo "2167"]
[BlackElo "2059"]
[Annotator "ChessBase"]
[PlyCount "151"]
[EventDate "2019.08.03"]
[EventType "swiss"]
[EventCountry "GER"]
[SourceTitle "playchess.com"]
[Source "ChessBase"]
[SourceQuality "1"]
[TimeControl "600+5"]

1. e4 c5 2. Nf3 Nf6 3. Nc3 d5 4. e5 Nfd7 5. d4 e6 6. Ne2 cxd4 7. Nexd4 Nc6 8. Bf4 Qb6 9. Nb3 h6 10. h4 Qc7 11. Bb5 g6 12. O-O Bg7 13. Re1 O-O 14. Qe2 a6 15. Bd3 Nb4 16. a3 Nxd3 17. cxd3 Qb6 18. Qc2 a5 19. Be3 Qd8 20. Bc5 Nxc5 21. Qxc5 b6 22. Qe3 a4 23. Nbd4 Qd7 24. Rac1 Bb7 25. Rc3 Rfc8 26. Rec1 Rxc3 27. Rxc3 Rc8 28. Qc1 Rxc3 29. Qxc3 Bf8 30. Ne1 Bc5 31. Nec2 Qc7 32. Nf3 Qd8 33. d4 Be7 34. g3 Ba6 35. Nb4 Bc4 36. Nd2 b5 37. Nc6 Qd7 38. Nxe7+ Qxe7 39. Nf3 Kg7 40. Ne1 f6 41. Nd3 Bxd3 42. exf6+ Kxf6 43. Qxd3 b4 44. Qe3 bxa3 45. bxa3 Kg7 46. Qe5+ Kh7 47. h5 gxh5 48. Qxh5 Qf6 49. Qg4 Qg6 50. Qf3 Qf5 51. Qc3 Kg6 52. Qb4 Qc2 53. Qe7 Qc6 54. Kg2 h5 55. Qf8 Qd7 56. Qg8+ Kf6 57. f4 Qg7 58. Qe8 Qe7 59. Qxa4 Qc7 60. Qb3 Qc1 61. Qd3 Qa1 62. Qe3 Kf7 63. Qe5 Qxa3 64. Qxh5+ Ke7 65. Qe5 Qa1 66. Kh3 Qh1+ 67. Kg4 Qd1+ 68. Kg5 Qc2 69. f5 Qd2+ 70. Kg6 Qc2 71. Qxe6+ Kd8 72. Qxd5+ Ke8 73. Qf7+ Kd8 74. d5 Qc4 75. Qf6+ Ke8 76. Qc6+ 1-0

[Event "NSV Open-ch Rapid 2019"]
[Site "Lueneburg"]
[Date "2019.08.04"]
[Round "7.13"]
[White "Reimers, Achim"]
[Black "Kolhoff, Manfred"]
[Result "1-0"]
[ECO "D00"]
[WhiteElo "1975"]
[BlackElo "1616"]
[Annotator "NA RC"]
[PlyCount "88"]
[EventDate "2019.08.03"]
[EventType "swiss"]
[EventCountry "GER"]
[SourceTitle "playchess.com"]
[Source "ChessBase"]
[SourceQuality "1"]
[TimeControl "600+5"]

1. d4 d5 2. c3 Nf6 3. e3 e6 4. f4 c5 5. Nf3 Nc6 6. Bd3 c4 7. Bc2 Qb6 8. O-O Bd7 9. Nbd2 Bd6 10. Qe2 h6 11. Ne5 Bxe5 12. fxe5 Nh7 13. Kh1 f5 14. exf6 Nxf6 15. Bg6+ Ke7 16. e4 Raf8 17. exd5 Nxd5 18. Nxc4 Rxf1+ 19. Qxf1 Qd8 20. Qe2 Rf8 21. Bd2 Rf6 22. Bd3 Qf8 23. Rf1 Kd8 24. h3 Nf4 25. Bxf4 Rxf4 26. a3 g5 27. Nd2 Ne7 28. Nf3 a6 29. Ne5 Rxf1+ 30. Qxf1 Qxf1+ 31. Bxf1 Nf5 32. Bd3 Ke7 33. Bxf5 exf5 34. Nxd7 Kxd7 35. Kg1 Kd6 36. Kf2 Kd5 37. Ke3 b5 38. b3 h5 39. Kd3 f4 40. c4+ bxc4+ 41. bxc4+ Kd6 42. Ke4 Ke6 43. h4 Kf6 44. c5 Ke7 1-0

[Event "NSV Open-ch Rapid 2019"]
[Site "Lueneburg"]
[Date "2019.08.04"]
[Round "7.14"]
[White "von Estorff, Jacob"]
[Black "Dralle, Hannes"]
[Result "1-0"]
[ECO "B44"]
[WhiteElo "2055"]
[BlackElo "1732"]
[Annotator "NA RC"]
[PlyCount "51"]
[EventDate "2019.08.03"]
[EventType "swiss"]
[EventCountry "GER"]
[SourceTitle "playchess.com"]
[Source "ChessBase"]
[SourceQuality "1"]
[TimeControl "600+5"]

1. e4 c5 2. Nf3 e6 3. d4 cxd4 4. Nxd4 Nc6 5. Be3 Qc7 6. Bd3 a6 7. O-O Ne5 8. Nd2 Nf6 9. h3 b5 10. Re1 Bb7 11. Bf4 Bd6 12. Bxe5 Bxe5 13. N2f3 Bf4 14. Qe2 O-O 15. g3 Bh6 16. Rad1 d5 17. exd5 Bxd5 18. b3 g6 19. Qe5 Qxe5 20. Nxe5 Bg7 21. c4 bxc4 22. Bxc4 Bb7 23. Ndc6 Rac8 24. Ne7+ Kh8 25. Nxc8 Rxc8 26. Nxf7+ 1-0

[Event "NSV Open-ch Rapid 2019"]
[Site "Lueneburg"]
[Date "2019.08.04"]
[Round "7.15"]
[White "Langer, Michael S."]
[Black "Serrer, David"]
[Result "1-0"]
[ECO "E61"]
[WhiteElo "1911"]
[BlackElo "1516"]
[Annotator "NA RC"]
[PlyCount "70"]
[EventDate "2019.08.03"]
[EventType "swiss"]
[EventCountry "GER"]
[SourceTitle "playchess.com"]
[Source "ChessBase"]
[SourceQuality "1"]
[TimeControl "600+5"]

1. Nf3 Nf6 2. c4 g6 3. d4 Bg7 4. e3 O-O 5. Be2 d6 6. O-O Nbd7 7. Nc3 c5 8. b3 b6 9. Bb2 Bb7 10. d5 Qc7 11. Qc2 e6 12. dxe6 fxe6 13. Rad1 d5 14. Ng5 Rfe8 15. Nb5 Qc6 16. Nf3 a6 17. Na3 e5 18. cxd5 Qc7 19. e4 Kh8 20. Nc4 b5 21. Ne3 Nh5 22. g3 Rf8 23. Ng5 Qd6 24. Ne6 Rf6 25. Bxh5 gxh5 26. Nxg7 Rg6 27. Ngf5 Qf6 28. f4 Rag8 29. fxe5 Qg5 30. e6+ Nf6 31. Ng2 h4 32. Nfxh4 Qxh4 33. Nxh4 Rxg3+ 34. hxg3 Rxg3+ 35. Kh2 {[%emt 0:00:09] Ng4+ Kxg3+} Bc8 1-0

[Event "NSV Open-ch Rapid 2019"]
[Site "Lueneburg"]
[Date "2019.08.04"]
[Round "7.16"]
[White "Rempe, Jonas"]
[Black "Egelriede, Nikolas"]
[Result "1-0"]
[ECO "B01"]
[WhiteElo "1839"]
[BlackElo "1865"]
[Annotator "NA RC"]
[PlyCount "61"]
[EventDate "2019.08.03"]
[EventType "swiss"]
[EventCountry "GER"]
[SourceTitle "playchess.com"]
[Source "ChessBase"]
[SourceQuality "1"]
[TimeControl "600+5"]

1. e4 d5 2. exd5 Qxd5 3. Nf3 Bg4 4. Be2 Nc6 5. O-O O-O-O 6. Nc3 Qd7 7. d3 e5 8. Be3 f6 9. h3 Be6 10. a3 g5 11. b4 g4 12. hxg4 Bxg4 13. b5 Nb8 14. Bxa7 Ne7 15. Bxb8 Kxb8 16. Nxe5 fxe5 17. Bxg4 Qd4 18. Ne4 Nd5 19. a4 Rg8 20. a5 Bb4 21. a6 b6 22. c4 Nc3 23. Nxc3 Bxc3 24. a7+ Kb7 25. Bf3+ c6 26. Bxc6+ Kc7 27. a8=Q Bxa1 28. Qb7+ Kd6 29. Qxa1 Qg4 30. Qa3+ Ke6 31. Qae7+ 1-0

[Event "NSV Open-ch Rapid 2019"]
[Site "Lueneburg"]
[Date "2019.08.04"]
[Round "7.17"]
[White "Mundt, Alexandra"]
[Black "Joppien, Arne"]
[Result "0-1"]
[ECO "B19"]
[WhiteElo "1756"]
[BlackElo "1940"]
[Annotator "NA RC"]
[PlyCount "68"]
[EventDate "2019.08.03"]
[EventType "swiss"]
[EventCountry "GER"]
[SourceTitle "playchess.com"]
[Source "ChessBase"]
[SourceQuality "1"]
[TimeControl "600+5"]

1. e4 c6 2. d4 d5 3. Nd2 dxe4 4. Nxe4 Bf5 5. Ng3 Bg6 6. h4 h6 7. Nf3 Nd7 8. h5 Bh7 9. Bd3 Bxd3 10. Qxd3 e6 11. Bf4 Qa5+ 12. c3 Ngf6 13. Nd2 b5 14. Nde4 Nd5 15. Nd6+ Bxd6 16. Bxd6 N7f6 17. O-O Qd8 18. Ba3 a5 19. b3 b4 20. cxb4 axb4 21. Bb2 O-O 22. Qc4 Qd6 23. Rfc1 Rfc8 24. Rc2 Qf4 25. Bc1 Qh4 26. Bd2 Rab8 27. Rac1 Nxh5 28. Nxh5 Qxh5 29. Qa6 Qg4 30. Rxc6 Rxc6 31. Qxc6 Qxd4 32. Be1 Nf4 33. Kh1 Ne2 34. f3 Qg1# 0-1

[Event "NSV Open-ch Rapid 2019"]
[Site "Lueneburg"]
[Date "2019.08.04"]
[Round "7.20"]
[White "Rick, Niklas Corvin"]
[Black "Wirries, Frank-Michael"]
[Result "0-1"]
[ECO "A48"]
[WhiteElo "1444"]
[BlackElo "1858"]
[Annotator "NA RC"]
[PlyCount "80"]
[EventDate "2019.08.03"]
[EventType "swiss"]
[EventCountry "GER"]
[SourceTitle "playchess.com"]
[Source "ChessBase"]
[SourceQuality "1"]
[TimeControl "600+5"]

1. d4 Nf6 2. c4 g6 3. Nf3 Bg7 4. Bf4 d6 5. e3 O-O 6. Be2 Re8 7. h3 Nbd7 8. O-O Nh5 9. Bh2 e5 10. Nc3 e4 11. Nd2 Nhf6 12. Qc2 b5 13. Ndxe4 Nxe4 14. Nxe4 bxc4 15. Bxc4 Nb6 16. Bb3 Bf5 17. f3 d5 18. g4 dxe4 19. gxf5 exf3 20. fxg6 Qg5+ 21. Kh1 hxg6 22. Rxf3 Nd5 23. Rg1 Qh5 24. e4 Qxf3+ 25. Qg2 Qxg2+ 26. Rxg2 Ne3 27. Rxg6 Rxe4 28. Be5 Rxe5 29. dxe5 Re8 30. Ra6 Rxe5 31. Rxa7 Rh5 32. Kh2 Be5+ 33. Kg1 Bd4 34. Ra8+ Kg7 35. Kh2 Nf5 36. Ra5 c5 37. Bc2 Be5+ 38. Kg2 Ne3+ 39. Kf2 Nxc2 40. Rxc5 Bd4+ 0-1

[Event "NSV Open-ch Rapid 2019"]
[Site "Lueneburg"]
[Date "2019.08.04"]
[Round "7.21"]
[White "Kueck, Alexander"]
[Black "Britsch, Benjamin"]
[Result "0-1"]
[ECO "C02"]
[WhiteElo "1374"]
[BlackElo "1835"]
[Annotator "NA RC"]
[PlyCount "58"]
[EventDate "2019.08.03"]
[EventType "swiss"]
[EventCountry "GER"]
[SourceTitle "playchess.com"]
[Source "ChessBase"]
[SourceQuality "1"]
[TimeControl "600+5"]

1. e4 e6 2. d4 d5 3. e5 c5 4. Be3 cxd4 5. Bxd4 Nc6 6. Nf3 a6 7. c4 Bb4+ 8. Nc3 Nge7 9. cxd5 Nxd5 10. Be2 Qa5 11. Qd2 Nxd4 12. Nxd4 Nxc3 13. a3 Nxe2 14. Qxb4 Qxb4+ 15. axb4 Nxd4 16. O-O O-O 17. Rfe1 Nc2 18. Kf1 Rd8 19. f4 Bd7 20. Kf2 g6 21. Rac1 Nxe1 22. Rxe1 Bc6 23. g3 Rd2+ 24. Re2 Rad8 25. Ke3 Rxe2+ 26. Kxe2 Rd4 27. Ke3 Rxb4 28. Kf2 Rxb2+ 29. Ke3 Rxh2 0-1

[Event "NSV Open-ch Rapid 2019"]
[Site "Lueneburg"]
[Date "2019.08.04"]
[Round "7.24"]
[White "Marzik, Arne"]
[Black "Schubert, Karl Heinz"]
[Result "0-1"]
[ECO "A47"]
[WhiteElo "1366"]
[BlackElo "1335"]
[Annotator "NA RC"]
[PlyCount "80"]
[EventDate "2019.08.03"]
[EventType "swiss"]
[EventCountry "GER"]
[SourceTitle "playchess.com"]
[Source "ChessBase"]
[SourceQuality "1"]
[TimeControl "600+5"]

1. d4 b6 2. Nf3 Bb7 3. g3 Nf6 4. Bg2 d6 5. c4 e5 6. O-O e4 7. Nfd2 d5 8. Nc3 Qe7 9. e3 Nbd7 10. cxd5 Nxd5 11. Ncxe4 N5f6 12. Nxf6+ Qxf6 13. Bxb7 Rd8 14. Bg2 Bd6 15. Ne4 Qh6 16. Nxd6+ Qxd6 17. Re1 Qg6 18. Qa4 O-O 19. Qxa7 Nf6 20. Qxc7 Rc8 21. Qxb6 Qh5 22. h3 Rc2 23. Qb3 Qf5 24. f4 Nh5 25. e4 Qc8 26. Kh2 Nf6 27. Be3 Nxe4 28. Rac1 Rxc1 29. Rxc1 Qe8 30. Bxe4 Qxe4 31. a4 h5 32. h4 Qf3 33. Qd1 Qxe3 34. Qe1 Qxd4 35. a5 Qxb2+ 36. Kh3 Qb7 37. Ra1 Qd7+ 38. Kh2 Rc8 39. Ra2 Qd5 40. Qh1 Qxa2+ 0-1